 Dungeon Sprint DCSS version 0.17.2-1-ge4368a0 (webtiles) character file.

301 mopl the Covert (level 6, -4/45 HPs)
             Began as a Spriggan Assassin on Aug 22, 2016.
             Slain by a human
             ... wielding a +0 spear
              (8 damage)
             ... in the Dungeon (Sprint III: "The Ten Rune Challenge").
             The game lasted 00:02:14 (376 turns).

mopl the Covert (Spriggan Assassin)                  Turns: 376, Time: 00:02:14

Health: -4/45      AC:  3    Str: 12    XL:     6   Next: 14%
Magic:  7/7        EV: 17    Int: 11    God:
Gold:   18         SH:  0    Dex: 19    Spells: 0 memorised, 5 levels left

rFire  + . .     SeeInvis +     a - +2 dagger
rCold  . . .     Clarity  .     c - +0 robe
rNeg   . . .     SustAt   .     (shield restricted)
rPois  .         Gourm    .     (helmet restricted)
rElec  .         Spirit   .     d - +0 cloak
rCorr  .         Warding  .     (gloves unavailable)
rMut   .         NoTele   +     (boots unavailable)
MR     +....                    (no amulet)
Stlth  ..........               (no ring)
                                (no ring)

@: berserking, very quick, somewhat resistant to hostile enchantments, extremely
unstealthy
A: unfitting armour, claws 1, see invisible, dopey 1, fire resistance 1,
herbivore 3, speed 3, slow metabolism 2
a: no special abilities


You were in the Dungeon.
You were not hungry.

You visited 1 branch You collected 18 gold pieces.

Inventory:

Hand Weapons
 a - a +2 dagger (weapon)
 b - a +0 blowgun
Missiles
 e - 7 poisoned needles
 f - 2 curare-tipped needles
Armour
 c - a +0 robe (worn)
 d - a +0 cloak (worn)
Wands
 o - a wand of flame (10)
Scrolls
 m - a scroll of blinking
 n - a scroll of identify
 q - a scroll of holy word
 r - a scroll of remove curse
 u - a scroll of torment {!r}
Potions
 h - 2 potions of curing
 i - a potion of heal wounds
 j - a potion of haste
 k - 2 potions of magic
 s - 2 potions of cure mutation {!q}
 t - 4 potions of flight
 w - a potion of might
Comestibles
 g - a bread ration
 v - a royal jelly


   Skills:
 - Level 1.5 Fighting
 - Level 2.1 Short Blades
 * Level 10.7 Throwing
 - Level 1.5 Dodging
 + Level 12.5 Stealth


You had 5 spell levels left.
You didn't know any spells.

Dungeon Overview and Level Annotations

Branches:
Dungeon (1/1)

Altars:
Okawaru
Trog


Innate Abilities, Weirdness & Mutations

You are tiny and cannot use many weapons and most armour.
You have supernaturally acute eyesight.
You are a herbivore.
You cover ground extremely quickly.
You need consume almost no food.
You have sharp fingernails.
You are dopey. (Int -2)
Your flesh is heat resistant.


Message History

The human is heavily wounded.
The human misses you.
You puncture the human!
The human is severely wounded.
The human closely misses you. The human misses you.
You barely miss the human.
The human is severely wounded.
The human hits you but does no damage. The human hits you!
* * * LOW HITPOINT WARNING * * *
You puncture the human!
You kill the human!
Your Throwing skill gained 2 levels and is now at level 10!
Your Stealth skill gained 2 levels and is now at level 12!
You have reached level 6!
Your experience leads to an increase in your attributes!
Your base attributes are Str 7, Int 13, Dex 18.
Increase (S)trength, (I)ntelligence, or (D)exterity?
You feel agile. The human hits you with a spear!
You die...

▓▓▓▓ ▓▓▓ [..#### ##.#
##### ......#####..#
#__[# .......#.%#..#
#...#
#†##..)#!.#..###+#'###+##
#.###..##'#..#..@.......#
##.##..###...'.⌠.p......#
..##..####...#...######+#
..##..###....#.⌠.#
.##...##.....#...#
##....#......#+###
##..##.#..†..#
#..#####....# ▓▓▓▓ ▓▓▓▓▓▓


You could see a human (berserk).

Vanquished Creatures
  A water elemental (D)
  A scorpion (D)
  Jessica (D)
  2 humans (D)
  An ooze (D)
  2 rats (D)
8 creatures vanquished.

Vanquished Creatures (others)
  2 draconian scorchers (D)
  A plant (D)
3 creatures vanquished.

Grand Total: 11 creatures vanquished

Notes
Turn   | Place    | Note
--------------------------------------------------------------
     0 | D        | mopl the Spriggan Assassin began the quest for the Orb.
     0 | D        | Reached XP level 1. HP: 10/10 MP: 2/2
     9 | D        | Reached skill level 6 in Stealth
    11 | D        | Reached skill level 3 in Throwing
    24 | D        | Noticed Jessica
    31 | D        | Killed Jessica
    31 | D        | Reached skill level 5 in Throwing
    31 | D        | Reached skill level 8 in Stealth
    31 | D        | Reached XP level 2. HP: 8/14 MP: 3/3
    31 | D        | Reached XP level 3. HP: 10/18 MP: 4/4
   201 | D        | Reached skill level 6 in Throwing
   314 | D        | Noticed a scorpion
   317 | D        | Killed a scorpion
   317 | D        | Reached skill level 7 in Throwing
   317 | D        | Reached skill level 9 in Stealth
   317 | D        | Reached XP level 4. HP: 22/22 MP: 5/5
   328 | D        | Killed a white draconian scorcher
   337 | D        | Gained mutation: You are dopey. (Int -2) [potion of mutation]
   337 | D        | Gained mutation: Your flesh is heat resistant. [potion of mutation]
   337 | D        | Gained mutation: You have sharp fingernails. [potion of mutation]
   341 | D        | Killed a white draconian scorcher
   347 | D        | Noticed a water elemental
   350 | D        | Killed a water elemental
   350 | D        | Reached skill level 8 in Throwing
   350 | D        | Reached skill level 10 in Stealth
   350 | D        | Reached XP level 5. HP: 25/25 MP: 6/6
   357 | D        | Found an iron altar of Okawaru.
   358 | D        | Found a bloodstained altar of Trog.
   358 | D        | Noticed a human
   358 | D        | Noticed a human
   376 | D        | Killed a human
   376 | D        | Reached skill level 10 in Throwing
   376 | D        | Reached skill level 12 in Stealth
   376 | D        | Reached XP level 6. HP: 4/30 MP: 7/7
   376 | D        | Slain by a human

Action                   |  1- 3 |  4- 6 || total
-------------------------+-------+-------++-------
Melee: Dagger            |    11 |    14 ||    25
 Fire: Blowgun           |     6 |       ||     6
  Use: Scroll            |       |     4 ||     4
       Potion            |       |     2 ||     2
 Stab: Sleeping          |     4 |     1 ||     5
